 Dungeon Crawl Stone Soup version 0.28-a0-691-gad6df49e81 (webtiles) character file.

Game seed: 3315885912894788547

59 demibob the Poker (level 4, -4/35 HPs)
             Began as a Merfolk Monk on Oct 20, 2021.
             Slain by a gnoll (5 damage)
             ... on level 1 of the Dungeon.
             The game lasted 00:02:15 (1263 turns).

demibob the Poker (Merfolk Monk)                    Turns: 1263, Time: 00:02:15

Health: -4/35      AC:  2    Str:  9 (11) XL:     4   Next: 3%
Magic:  4/4        EV: 13    Int:  7 (9)  God:
Gold:   20         SH:  0    Dex: 14 (17) Spells: 3/3 levels left

rFire   . . .      SeeInvis .   a - +0 spear
rCold   . . .      Faith    .   (no shield)
rNeg    . . .      Spirit   .   b - +0 robe
rPois   .          Reflect  .   (no helmet)
rElec   .          Harm     .   (no cloak)
rCorr   .          Rampage  .   (no gloves)
Will    .....                   (no boots)
Stlth   ++........              (no amulet)
HPRegen 0.11/turn               (no ring)
MPRegen 0.09/turn               (no ring)

@: attractive
A: (nimble swimmer 2), mertail
a: no special abilities


You were on level 1 of the Dungeon.
You visited 1 branch of the dungeon, and saw 2 of its levels.

You collected 20 gold pieces.


Innate Abilities, Weirdness & Mutations

((You are quick and stealthy near water. (Stealth+, EV+, Speed+++)))
Your lower body shifts to a powerful aquatic tail in water.


   Skills:
 - Level 3.2 Fighting
 + Level 7.0 Polearms
 - Level 4.0 Dodging
 - Level 2.1 Stealth


You had 3 spell levels left.
You didn't know any spells.
Your spell library was empty.

Inventory:

Hand Weapons
 a - a +0 spear (weapon)
Missiles
 c - 7 poisoned darts (quivered)
 h - 3 javelins
Armour
 b - a +0 robe (worn)
Jewellery
 R - a ring of resist corrosion
Scrolls
 d - 2 scrolls of identify {unknown}
 e - a scroll of teleportation {unknown}
 i - a scroll of vulnerability {unknown}

Dungeon Overview and Level Annotations

Branches:
Dungeon (2/15)

Altars:

....≈###.#####.##≈≈.....#
....≈#...#≈≈≈#.##≈≈....##
..#.≈##..#≈≈≈##.##≈...##
..#..#.#.#≈≈≈≈##.#..###
#.#...####≈≈≈≈≈##...#
..#...#≈≈≈≈≈≈≈≈≈#...###
..#....≈≈≈≈≈≈≈≈≈......#
....##...≈≈≈≈≈........#
................@.....#
..........###.....g...#
>.........# #.)..g>§..#
..........# #.....§...#
.........(# ###########
..#.......###
..##...#....#
#....#......#
#..####.....#


You could see 2 gnolls.


Message History

The gnoll barely misses you.
You reach to attack!
You completely miss the gnoll.
The gnoll shouts!
The gnoll hits you from afar with a +0 spear.
The gnoll shouts!
The gnoll hits you from afar with a +0 spear.
The gnoll hits you from afar with a +0 spear!
There is a stone staircase leading up here.
The gnoll hits you with a +0 spear!
* * * LOW HITPOINT WARNING * * *
There is a stone staircase leading up here.
The gnoll barely misses you. The gnoll hits you with a +0 spear.
* * * LOW HITPOINT WARNING * * *
You climb upwards.
There is a stone staircase leading down here.
It was a potion of degeneration.
There was something very wrong with that liquid.
You feel weakened.
You feel dopey.
You feel clumsy. The gnoll closely misses you. x2
It was a potion of attraction.
You feel attractive to monsters. The gnoll barely misses you.
The gnoll misses you.
The gnoll hits you from afar with a +0 spear.
* * * LOW HITPOINT WARNING * * *
The gnoll misses you. The gnoll is attracted toward you. x2
Unknown command.
The gnoll hits you from afar with a +0 spear.
* * * LOW HITPOINT WARNING * * *
The gnoll hits you from afar with a +0 spear.
You die...

Skill      XL: |  1  2  3  4 |
---------------+-------------+-----
Polearms       | 5 6 7 |  7.0
Fighting       | |  3.2
Dodging        | |  4.0
Stealth        | |  2.1

Action                   |  1- 3 |  4- 6 || total
-------------------------+-------+-------++-------
Melee: Spear             |   102 |     5 ||   107
       Tailslap          |     2 |       ||     2
Throw: Dart              |     7 |       ||     7
  Use: Potion            |       |     2 ||     2
 Stab: Sleeping          |     4 |       ||     4
Armor: Robe              |    14 |       ||    14
Dodge: Dodged            |    33 |    11 ||    44

Levels and vault maps discovered:
D:1:      scummos_arrival_checkerplants, layout_rooms, grunt_decor_junction
D:2:      wander_river, layout_basic, hellmonk_ecumenical_altar_arch_garden,
          kennysheep_generic_room_7

Notes
Turn   | Place    | Note
-------+----------+-------------------------------------------
     0 | D:1      | demibob the Merfolk Monk began the quest for the Orb.
     0 | D:1      | Reached XP level 1. HP: 18/18 MP: 1/1
   109 | D:1      | Reached skill level 5 in Polearms
   115 | D:1      | Reached XP level 2. HP: 18/24 MP: 2/2
   740 | D:2      | Reached skill level 6 in Polearms
   740 | D:2      | Reached XP level 3. HP: 29/29 MP: 3/3
  1198 | D:2      | Reached XP level 4. HP: 33/35 MP: 4/4
  1225 | D:2      | Found a faded altar of an unknown god.
  1236 | D:2      | Reached skill level 7 in Polearms
  1263 | D:1      | HP: 1/35 [gnoll (4)]
  1263 | D:1      | Slain by a gnoll

Vanquished Creatures
  3 adders (D:2)
  A dart slug (D:1)
  2 giant cockroaches (D:1)
  A goblin (D:2)
  4 hobgoblins
  2 jackals (D:2)
  4 ball pythons
  5 bats
  2 frilled lizards (D:1)
  5 kobolds
  2 rats
31 creatures vanquished.

Table legend: (Time is in decaauts)
 A = Elapsed time spent in this place.
 B = Non-inter-level travel time spent in this place.
 C = Inter-level travel time spent in this place.
 D = Time resting spent in this place.
 E = Time spent auto-exploring this place.
 F = Levels seen in this place.
 G = Mean time per level.
                   A        B        C        D        E       F      G
               +--------+--------+--------+--------+--------+-----+--------+
         Total |   1225 |   1200 |     25 |    413 |    510 |   2 |  612.5 |
       Dungeon |   1225 |   1200 |     25 |    413 |    510 |   2 |  612.5 |
               +--------+--------+--------+--------+--------+-----+--------+

Top non-repeatable levels by time:
     D:1: 713 daAuts
     D:2: 512 daAuts

Table legend:
 A = Non-vault XP
 B = Vault XP
 C = Vault XP percentage of total XP
 D = Non-vault monster count
 E = Vault monster count
 F = Vault count percentage of total count
                 A         B        C        D         E       F
            +---------+---------+-------+---------+---------+-------
      Total |      85 |       0 |   0.0 |      31 |       0 |   0.0
            +---------+---------+-------+---------+---------+-------
        D:1 |      30 |       0 |   0.0 |      18 |       0 |   0.0
        D:2 |      55 |       0 |   0.0 |      13 |       0 |   0.0
            +---------+---------+-------+---------+---------+-------
